 Dungeon Crawl Stone Soup version 0.25-a0-87-ga3d287bc14 (webtiles) character file.

Game seed: 17091662296588929822, levelgen mode: deterministic

4856 Conn the Covert (level 10, 0/61 HPs)
             Began as an Octopode Fire Elementalist on Nov 10, 2019.
             Was a Believer of Sif Muna.
             Slain by a death yak (23 damage)
             ... on level 8 of the Dungeon.
             The game lasted 00:30:12 (9427 turns).

Conn the Covert (Octopode Fire Elementalist)        Turns: 9427, Time: 00:30:13

Health: 0/61       AC:  1    Str:  8      XL:     10   Next: 50%
Magic:  0/22       EV: 15    Int: 19 (20) God:    Sif Muna [**....]
Gold:   405        SH:  0    Dex: 17      Spells: 9/25 levels left

rFire    . . .     SeeInvis .   e - +1 dagger
rCold    . . .     Gourm    .   (no shield)
rNeg     . . .     Faith    .   (helmet restricted)
rPois    .         Spirit   +   u - amulet of guardian spirit
rElec    .         Reflect  .   o - ring of protection from magic
rCorr    .         Harm     .   n - ring of wizardry
MR       +....                  I - +4 ring of dexterity
Stlth    +++++.....             (no ring)
HPRegen  0.20/turn              (no ring)
MPRegen  0.18/turn              (no ring)
                                (no ring)
                                (no ring)

@: no status effects
A: almost no armour, stealthy swim, amphibious, 8 rings, constrict 8, camouflage
1, gelatinous body 1
a: Channel Magic, Renounce Religion


You were on level 8 of the Dungeon.
You worshipped Sif Muna.
Sif Muna was pleased with you.
You were not hungry.

You visited 2 branches of the dungeon, and saw 9 of its levels.
You also visited: Ossuary.

You collected 405 gold pieces.

Inventory:

Hand Weapons
 e - a +1 dagger (weapon)
Missiles
 l - 19 poisoned darts (quivered)
 y - 3 throwing nets
Jewellery
 n - a ring of wizardry (right tentacle)
 o - a ring of protection from magic (left tentacle)
 r - an uncursed amulet of the acrobat
 u - an amulet of guardian spirit (around mantle)
 I - a +4 ring of dexterity (on tentacle)
Wands
 C - a wand of acid (4)
 F - a wand of flame (16)
Scrolls
 d - a scroll of noise {unknown}
 f - 2 scrolls of teleportation
 g - 5 scrolls of remove curse
 h - 2 scrolls of blinking
 k - 6 scrolls of enchant weapon
 m - 2 scrolls of magic mapping
 q - a scroll of enchant armour {unknown}
 t - a scroll of amnesia {unknown}
 x - a scroll of fog
 H - 4 scrolls of identify
 J - a scroll of fear {unknown}
Potions
 a - a potion of berserk rage
 c - 2 potions of cancellation
 i - 2 potions of heal wounds
 j - 9 potions of curing
 s - 2 potions of ambrosia {unknown}
 v - 3 potions of mutation {unknown}
 w - a potion of brilliance
 z - a potion of might {unknown}
 A - a potion of lignification {unknown}
 D - a potion of agility {unknown}
 E - a potion of invisibility {unknown}
 G - a potion of flight
Comestibles
 b - 17 rations
 p - 2 chunks of flesh


   Skills:
 + Level 2.5 Fighting
 + Level 2.5 Short Blades
 + Level 1.4 Throwing
 + Level 3.7 Dodging
 - Level 8.5 Stealth
 + Level 0.6 Unarmed Combat
 * Level 8.0 Spellcasting
 * Level 7.9 Conjurations
 + Level 0.1 Hexes
 + Level 6.5 Fire Magic


You had 9 spell levels left.
You knew the following spells:

 Your Spells              Type           Power        Failure   Level  Hunger
a - Flame Tongue          Conj/Fire      #####        1%          1    None
b - Conjure Flame         Conj/Fire      #####...     1%          3    None
c - Inner Flame           Hex/Fire       ###.....     2%          3    None
d - Sticky Flame          Conj/Fire      #####...     1%          4    ###....
e - Fireball              Conj/Fire      #####.....   5%          5    #####..

Your spell library contained the following spells:

 Spells                   Type           Power        Failure   Level  Hunger
 Throw Flame              Conj/Fire      #####.       1%          2    None
 Beastly Appendage        Tmut           #.....       3%          1    None
 Sticks to Snakes         Tmut           #.......     6%          2    None
 Spider Form              Tmut/Pois      #.........   11%         3    None
 Ice Form                 Ice/Tmut       #.......     32%         4    ###....
 Blade Hands              Tmut           #.........   65%         5    #####..


Dungeon Overview and Level Annotations

Branches:
Dungeon (8/15)             Temple (1/1) D:5            Lair (0/6) D:8
Ossuary (visited)

Altars:
Cheibriados
Dithmenos
Gozag
Sif Muna
Vehumet
Wu Jian
Xom
Zin

Shops:
D:6 %([

Annotations:
D:7 exclusion: oklob plant


Innate Abilities, Weirdness & Mutations

You cannot wear most types of armour.
You are very stealthy in the water. (Stealth+)
You are amphibious.
You can wear up to eight rings at the same time.
You can use your tentacles to constrict eight enemies at once.
Your skin changes colour to match your surroundings (Stealth+).
Your rubbery body absorbs attacks. (AC +1, EV +1)


Message History

Confirm with . or Enter, or press ? or * to list all spells.
Aiming: Flame Tongue (safe; 1% risk of failure)
Press: ? - help, Shift-Dir - straight line, f/p - death yak
Aim: a death yak (flame, moderately wounded, covered in liquid flames)
The flame tongue hits the death yak!
The death yak is heavily wounded.
The death yak burns!
The death yak is engulfed in blazing flames.
The death yak gores you!!
Casting: Flame Tongue (safe; 1% risk of failure)
Confirm with . or Enter, or press ? or * to list all spells.
Aiming: Flame Tongue (safe; 1% risk of failure)
Press: ? - help, Shift-Dir - straight line, f/p - death yak
Aim: a death yak (flame, severely wounded, covered in liquid flames)
The flame tongue hits the death yak!
The death yak is severely wounded.
The death yak burns!
The death yak is engulfed in blazing flames.
The death yak gores you!!
You die...

###### #.##.#.#....######.
... .....# #.)......##.# ..#
##. .....# ###.#..##.#.###
### #. .....# #.#...#.#.#.#
#. .##### #.#...#.....# .#
#.##..#.#.#.# .#####
#....Y#...#.# .....#
#####Y#####.## ..##.#
########@.##....# .....#
#....[.......#..## ###..#
#................#. .##.##
#.#...........>....# ..#.#
#....#...#......#### ..#.#
##....#.>.#...##.... ....#
#.............# .##.# ..#.#
#........#....#####.#
..#.####...................#


You could see 2 death yaks.

Vanquished Creatures
  A two-headed ogre (D:6)
  A death yak (D:8)
  Pikel (D:4)
  Sigmund (D:4)
  A wyvern (D:8)
  Menkaure (D:6)
  A soldier ant (D:7)
  A slave (D:4)
  A phantom (D:4)
  A black bear (D:7)
  2 centaurs
  2 ogres
  Blork the orc (D:4)
  A big kobold (D:8)
  6 bullfrogs
  2 scorpions (D:5)
  2 crimson imps
  2 centaur zombies (Ossuary)
  2 bullfrog zombies
  A quasit (D:8)
  9 jellies (D:7)
  2 hounds
  2 orc wizards (D:7)
  2 orc priests
  A bullfrog skeleton (D:4)
  3 iguanas
  Ijyb (D:5)
  Natasha (D:3)
  A hell rat (D:8)
  2 worker ants
  5 big kobold zombies (Ossuary)
  A hound skeleton (D:8)
  5 mummies (Ossuary)
  A worker ant zombie (D:6)
  4 gnolls (D:5)
  A river rat (D:8)
  12 adders
  3 shadow imps
  14 oozes
  2 adder zombies
  2 worms
  3 dart slugs
  A leopard gecko (D:1)
  18 orcs
  A ball python (D:1)
  12 giant cockroaches
  12 goblins
  13 hobgoblins
  17 jackals
  18 kobolds
  7 quokkas
  7 bats
  6 frilled lizards
  A hobgoblin zombie (Ossuary)
  2 jackal zombies
  A leopard gecko skeleton (D:2)
  A leopard gecko zombie (D:6)
  7 rats
232 creatures vanquished.

Vanquished Creatures (others)
  2 fungi (D:7)
2 creatures vanquished.

Grand Total: 234 creatures vanquished

Notes
Turn   | Place    | Note
-------+----------+-------------------------------------------
     0 | D:1      | Conn the Octopode Fire Elementalist began the quest for the
                  | Orb.
     0 | D:1      | Reached XP level 1. HP: 11/11 MP: 3/3
    90 | D:1      | Reached XP level 2. HP: 2/17 MP: 0/5
   556 | D:1      | Reached XP level 3. HP: 21/21 MP: 2/6
   561 | D:1      | Learned a level 3 spell: Conjure Flame
  1342 | D:2      | Reached XP level 4. HP: 27/27 MP: 5/7
  2096 | D:3      | Reached XP level 5. HP: 32/32 MP: 8/8
  2603 | D:3      | Noticed Natasha
  2608 | D:3      | Killed Natasha
  2838 | D:3      | Reached XP level 6. HP: 19/37 MP: 0/10
  2959 | D:3      | Found an opulent altar of Gozag.
  3273 | D:4      | Learned a level 3 spell: Inner Flame
  3350 | D:4      | Reached skill level 5 in Stealth
  3423 | D:4      | Noticed a phantom
  3445 | D:4      | Killed a phantom
  3623 | D:4      | Learned a level 4 spell: Sticky Flame
  3653 | D:4      | Reached XP level 7. HP: 35/42 MP: 6/12
  3730 | D:4      | Noticed Sigmund
  3733 | D:4      | Killed Sigmund
  3733 | D:4      | Reached skill level 1 in Fighting
  3733 | D:4      | Reached skill level 1 in Short Blades
  3963 | D:4      | Noticed Pikel
  3976 | D:4      | Killed Pikel
  3976 | D:4      | Reached XP level 8. HP: 28/49 MP: 0/15
  4126 | D:4      | Noticed Blork the orc
  4144 | D:4      | Killed Blork the orc
  4438 | D:5      | Entered Level 5 of the Dungeon
  4919 | D:5      | Found a staircase to the Ecumenical Temple.
  4925 | Temple   | Entered the Ecumenical Temple
  4961 | Temple   | Became a worshipper of Sif Muna the Loreminder
  5054 | D:5      | Found a snail-covered altar of Cheibriados.
  5064 | D:5      | Reached skill level 5 in Spellcasting
  5391 | D:5      | Noticed Ijyb
  5404 | D:5      | Killed Ijyb
  5507 | D:5      | Learned a level 5 spell: Fireball
  5860 | D:6      | Reached skill level 5 in Conjurations
  5860 | D:6      | Reached skill level 5 in Fire Magic
  5994 | D:6      | Found Isoupas's Armour Shoppe.
  5994 | D:6      | Noticed a two-headed ogre
  6005 | D:6      | Killed a two-headed ogre
  6005 | D:6      | Reached skill level 1 in Throwing
  6005 | D:6      | Reached XP level 9. HP: 49/54 MP: 3/18
  6207 | D:6      | Noticed Menkaure
  6212 | D:6      | Killed Menkaure
  6269 | D:6      | Reached * piety under Sif Muna
  6448 | D:6      | Found Loleigg's Antique Weapon Shop.
  6775 | D:6      | Found Jeliz's Food Emporium.
  7388 | D:7      | Found a radiant altar of Vehumet.
  7388 | D:7      | Found a glowing silver altar of Zin.
  7427 | D:7      | Noticed an oklob plant
  7438 | D:7      | Reached XP level 10. HP: 54/60 MP: 10/20
  7453 | D:7      | Reached ** piety under Sif Muna
  7882 | D:7      | Found an ornate altar of the Wu Jian Council.
  8173 | D:8      | Noticed a death yak
  8175 | D:8      | Found a staircase to the Lair.
  8176 | D:8      | Noticed a death yak
  8177 | D:8      | Noticed a death yak
  8218 | D:8      | Killed a death yak
  8417 | D:8      | Found a sand-covered staircase.
  8422 | Ossuary  | Entered an ossuary
  8954 | D:8      | Found a shimmering altar of Xom.
  9427 | D:8      | Slain by a death yak

Levels and vault maps discovered:
D:1:      minmay_arrival_semitransparent, layout_basic
D:2:      layout_basic
D:3:      layout_basic, grunt_gozag_breadcrumbs, uniq_natasha
D:4:      layout_loops_ring, nrook_mini_vaults, uniq_sigmund,
          uniq_blork_the_orc, uniq_pikel
D:5:      layout_gridville, minmay_temple_entry_hall, basic_altar, first_ration,
          uniq_ijyb
D:6:      layout_loops_ring, serial_shops, nicolae_shop_behind_doors, shop,
          shop, uniq_menkaure
D:7:      lemuel_slime, layout_gridville, nicolae_overflow_crystal_walls,
          gammafunk_temple_overflow_pools, grunt_ogre_cave
D:8:      layout_basic, old_standard_altar, dpeg_lair_monsters,
          lightli_ossuary_entry_decrepit_ruins
Temple:   nicolae_temple_figure_eight

Skill      XL: |  1  2  3  4  5  6  7  8  9 10 |
---------------+-------------------------------+-----
Stealth        | 3 4 5 7 8 |  8.5
Conjurations   | 2 3 4 5 6 7 |  7.9
Fire Magic     | 4 5 6 |  6.5
Spellcasting   | 3 4 6 7 8 |  8.0
Fighting       | 1 2 |  2.5
Short Blades   | 1 2 |  2.5
Throwing       | 1 |  1.4
Dodging        | 3 |  3.7
Unarmed Combat | |  0.6
Hexes          | |  0.1

Action                   |  1- 3 |  4- 6 |  7- 9 | 10-12 || total
-------------------------+-------+-------+-------+-------++-------
Melee: Unarmed           |    14 |       |       |       ||    14
       Constrict         |     7 |    15 |    20 |    16 ||    58
       Tentacles         |     5 |    11 |    14 |    13 ||    43
       Dagger            |    21 |    68 |    90 |    63 ||   242
       Punch             |       |     1 |       |       ||     1
Throw: Dart              |       |       |    13 |       ||    13
 Cast: Flame Tongue      |    40 |    71 |   115 |    68 ||   294
       Conjure Flame     |       |     1 |     9 |     7 ||    17
       Inner Flame       |       |       |     3 |     1 ||     4
       Sticky Flame      |       |       |     2 |    12 ||    14
       Fireball          |       |       |     2 |     7 ||     9
  Use: Potion            |       |       |     6 |     3 ||     9
       Scroll            |       |       |     9 |       ||     9
 Stab: Sleeping          |     7 |    12 |    18 |     4 ||    41
       Distracted        |     1 |       |     1 |       ||     2
  Eat: Chunk             |     2 |     7 |    10 |     3 ||    22
       Ration            |       |       |     1 |     2 ||     3
Armor: Skin              |     5 |     8 |     4 |     2 ||    19
Dodge: Dodged            |    34 |    48 |    87 |    69 ||   238

Table legend:
 A = Non-vault XP
 B = Vault XP
 C = Vault XP percentage of total XP
 D = Non-vault monster count
 E = Vault monster count
 F = Vault count percentage of total count
                 A         B        C        D         E       F
            +---------+---------+-------+---------+---------+-------
      Total |    3911 |    3027 |  43.6 |     185 |      46 |  19.9
            +---------+---------+-------+---------+---------+-------
        D:1 |      70 |       0 |   0.0 |      33 |       0 |   0.0
        D:2 |      91 |       0 |   0.0 |      29 |       0 |   0.0
        D:3 |     154 |      36 |  18.9 |      28 |       1 |   3.4
        D:4 |     334 |     956 |  74.1 |      10 |       3 |  23.1
        D:5 |     365 |      36 |   9.0 |      30 |       1 |   3.2
        D:6 |    1639 |     172 |   9.5 |      26 |       1 |   3.7
        D:7 |     509 |     576 |  53.1 |      10 |      21 |  67.7
        D:8 |     749 |     939 |  55.6 |      19 |       6 |  24.0
    Ossuary |       0 |     312 | 100.0 |       0 |      13 | 100.0
            +---------+---------+-------+---------+---------+-------
